 Dungeon Crawl Stone Soup version 0.17-a0-1632-g0af21bd (webtiles) character file.

133 urechis the Ruffian (level 4, -1/45 HPs)
             Began as a Troll Monk on Aug 3, 2015.
             Slain by an orc wizard
             ... wielding a +0 dagger of holy wrath
              (2 damage)
             ... on level 3 of the Dungeon.
             The game lasted 00:02:28 (1037 turns).

urechis the Ruffian (Troll Monk)                    Turns: 1037, Time: 00:02:28

Health: -1/45      AC:  5    Str: 19    XL:     4   Next: 94%
Magic:  3/3        EV: 10    Int:  6    God:
Gold:   137        SH:  0    Dex: 13    Spells: 0 memorised, 3 levels left

rFire  . . .     SeeInvis .       - Unarmed
rCold  . . .     Clarity  .     a - +0 robe
rNeg   . . .     SustAt   .     (no shield)
rPois  .         Gourm    +     (helmet restricted)
rElec  .         Spirit   .     (no cloak)
rCorr  .         Warding  .     (gloves unavailable)
rMut   .         Stasis   .     (boots unavailable)
MR     .....                    (no amulet)
Stlth  +.........               (no ring)
                                (no ring)

@: not resistant to hostile enchantments, very unstealthy
A: unfitting armour, claws 3, fast metabolism 3, gourmand, regeneration 2,
shaggy fur 1, tough skin 2
a: no special abilities


You were on level 3 of the Dungeon.
You were completely stuffed.

You visited 1 branch of the dungeon, and saw 3 of its levels.

You collected 137 gold pieces.

Inventory:

Armour
 a - a +0 robe (worn)
Scrolls
 c - a scroll of remove curse {unknown}
 d - a scroll of fear {unknown}
 i - 2 scrolls of amnesia {unknown}
 j - a scroll of blinking {unknown}
 r - a scroll of identify {unknown}
 t - a scroll of recharging {unknown}
Potions
 e - a potion of brilliance {unknown}
 k - a potion of cancellation {unknown}
 n - a potion of mutation {unknown}
 o - a potion of resistance {unknown}
 p - 2 potions of curing {unknown}
 q - 2 potions of heal wounds {unknown}
 s - 2 potions of beneficial mutation {unknown}
Comestibles
 b - 3 bread rations
 f - 3 fruits
 g - a meat ration
 h - a slice of pizza
 l - a beef jerky
 m - a royal jelly
 u - a chunk of flesh


   Skills:
 + Level 3.3 Fighting
 - Level 2.4 Dodging
 - Level 1.1 Stealth
 * Level 5.6 Unarmed Combat


You had 3 spell levels left.
You didn't know any spells.

Dungeon Overview and Level Annotations

Branches:
Dungeon (3/15)

Altars:


Innate Abilities, Weirdness & Mutations

You are too large for most types of armour.
You have claws for hands.
Your metabolism is lightning-fast.
You like to eat raw meat.
You heal very quickly.
You are covered in fur (AC +1).
You have very tough skin (AC +2).


Message History

You claw something! The orc hits you but does no damage.
Something hits you but does no damage.
You miss something. Something hits you.
* * * LOW HITPOINT WARNING * * *
The orc closely misses you.
You closely miss something.
You hear some strange, mumbled words.
A puff of frost appears from out of thin air!
The puff of frost hits you!
* * * LOW HITPOINT WARNING * * *
You hear some strange, mumbled words.
A puff of flame appears from out of thin air!
The puff of flame hits you!
You closely miss something. The orc hits you with a club.
* * * LOW HITPOINT WARNING * * *
Something hits you but does no damage.
You closely miss something.
You hear the slow rusting of a very distant drain.
Something hits you.
You die...

≈≈≈≈≈≈≈≈≈≈≈....≈≈
.....÷...........
....).....>.....
................
########.....# ###
.......+.....+ ..#+#####
########.....###.......#
.......'........)).....#
########........@{.....#
#####.....o.....#
########....#......#
...............#####
################


You could see an orc.

Vanquished Creatures
  An orc priest (D:3)
  An orc wizard (D:3)
  An adder (D:2)
  A gnoll (D:3)
  3 worms (D:2)
  2 giant geckos (D:2)
  A ball python (D:1)
  A giant cockroach (D:1)
  3 goblins
  7 hobgoblins
  6 kobolds
  6 bats
  4 giant newts
  8 jackals
  2 quokkas (D:2)
  2 rats
49 creatures vanquished.

Vanquished Creatures (others)
  A quokka (D:3)
1 creature vanquished.

Grand Total: 50 creatures vanquished

Notes
Turn   | Place    | Note
--------------------------------------------------------------
     0 | D:1      | urechis the Troll Monk began the quest for the Orb.
     0 | D:1      | Reached XP level 1. HP: 22/22 MP: 0/0
    96 | D:1      | Reached XP level 2. HP: 29/29 MP: 1/1
   588 | D:2      | Reached XP level 3. HP: 36/36 MP: 2/2
   683 | D:2      | Reached skill level 5 in Unarmed Combat
   959 | D:3      | Reached XP level 4. HP: 31/45 MP: 3/3
  1035 | D:3      | HP: 2/45 [something/puff of frost (10)]
  1037 | D:3      | Slain by an orc wizard

Vault maps used:
D:1:      dpeg_arrival_erosion
D:2:      serial_curves, eino_curves_01, eino_curves_01, eino_curves_04,
          minmay_ruptured
D:3:      lemuel_castle_with_subvaults, fiery_altar_vehumet,
          cheibriados_altar_1, portal_sewer_entry_e, trog_hazing_becter

Action                   |  1- 3 |  4- 6 || total
-------------------------+-------+-------++-------
Melee: Unarmed           |   136 |    26 ||   162
 Stab: Sleeping          |     2 |       ||     2
  Eat: Chunk             |    10 |     5 ||    15
